MID
BELOIT SNAPPERS @ LAKE COUNTY CAPTAINS
08/13/2048
 
TOP OF THE 1ST
Beloit Snappers batting - Pitching for Lake County Captains : RHP Victor Barron
Pitching: RHP Victor Barron
Batting: RHB Tony Crespo 0-0: Swinging Strike
0-1: Ball
1-1: Bunt for hit to 2L - play at first, batter OUT! 2-3
Batting: RHB Don Burt 0-0: Ball
1-0: Swinging Strike
1-1: Ball
2-1: Foul Ball, location: 2F
2-2: Strikes out looking
Batting: RHB Shannon Beck 0-0: Called Strike
0-1: Ball
1-1: Ball
2-1: Ball
3-1: Foul Ball, location: 2F
3-2: Foul Ball, location: 2F
3-2: Fly out, F8 (Flyball, 8RXD, EV 85.6 MPH)
Top of the 1st over - 0 runs, 0 hits, 0 errors, 0 left on base; Beloit 0 - Lake County 0
BOTTOM OF THE 1ST
Lake County Captains batting - Pitching for Beloit Snappers : RHP Ricky Lopez
Pitching: RHP Ricky Lopez
Batting: RHB George Wagner 0-0: Ball
1-0: DOUBLE (Groundball, 5L, EV 100.6 MPH)
Batting: RHB Josh Patterson 0-0: Ball
1-0: Ground out 6-3 (Groundball, 6, EV 85.0 MPH)
George Wagner to third
Batting: RHB Anibal Casteles 0-0: Ball
1-0: SINGLE (Groundball, 34D, EV 96.2 MPH)
George Wagner scores
Batting: LHB Jeff Palmowski 0-0: Called Strike
0-1: Ball
1-1: Called Strike
1-2: Ball
Anibal Casteles is caught stealing 2nd base 2-6
2-2: Ball
3-2: Foul Ball, location: 2F
3-2: Foul Ball, location: 2F
3-2: Base on Balls
Batting: RHB Adam McMillen 0-0: Called Strike
0-1: Ball
1-1: SINGLE (Groundball, 4M, EV 105.0 MPH)
Jeff Palmowski to second
Runner from 2nd tries for 3rd, SAFE, throw by CF made at trailing runner, OUT! 8-6
Bottom of the 1st over - 1 run, 3 hits, 0 errors, 1 left on base; Beloit 0 - Lake County 1
TOP OF THE 2ND
Beloit Snappers batting - Pitching for Lake County Captains : RHP Victor Barron
Batting: LHB Felipe Gomez 0-0: Called Strike
0-1: Called Strike
0-2: Ball
1-2: SOLO HOME RUN (Line Drive, 9D, EV 96.9 MPH), Distance : 375 ft
Batting: RHB Sean Gould 0-0: Swinging Strike
0-1: Swinging Strike
0-2: Ball
1-2: Ball
2-2: Strikes out swinging
Batting: LHB Chance Stever 0-0: Ball
1-0: Ball
2-0: Ground out 6-3 (Groundball, 6, EV 106.2 MPH)
Batting: SHB Ivan Barry 0-0: Ball
1-0: Ball
2-0: Ball
3-0: Ground out 6-3 (Groundball, 4MD, EV 83.8 MPH)
Top of the 2nd over - 1 run, 1 hit, 0 errors, 0 left on base; Beloit 1 - Lake County 1
BOTTOM OF THE 2ND
Lake County Captains batting - Pitching for Beloit Snappers : RHP Ricky Lopez
Batting: LHB Aaron Caron 0-0: Foul Ball, location: 2F
0-1: Swinging Strike
0-2: Ball
1-2: Strikes out swinging
Batting: RHB Chris Diaz 0-0: DOUBLE (Line Drive, 8LXD, EV 100.0 MPH)
Batting: RHB Steve Gusman 0-0: Called Strike
0-1: Ground out U3 (Groundball, 3, EV 103.1 MPH)
Chris Diaz to third
Batting: RHB John Bianconi 0-0: Called Strike
0-1: Ball
1-1: Fly out, F7 (Flyball, 7, EV 93.1 MPH)
Bottom of the 2nd over - 0 runs, 1 hit, 0 errors, 1 left on base; Beloit 1 - Lake County 1
TOP OF THE 3RD
Beloit Snappers batting - Pitching for Lake County Captains : RHP Victor Barron
Batting: LHB Robert Wilkins 0-0: Ball
1-0: Ball
2-0: Foul Ball, location: 2F
2-1: Foul Ball, location: 2F
2-2: Foul Ball, location: 2F
2-2: Strikes out swinging
Batting: SHB Mike Kirk 0-0: Called Strike
0-1: Swinging Strike
0-2: Ball
1-2: Ball
2-2: SINGLE (Groundball, 4MD, EV 101.9 MPH)
Batting: RHB Tony Crespo Pickoff Throw to First - Out! 1-3 CS
0-0: Foul Ball, location: 2F
0-1: Ball
1-1: Foul Ball, location: 2F
1-2: Foul Ball, location: 2F
1-2: Foul Ball, location: 2F
1-2: Ball
2-2: Foul Ball, location: 2F
2-2: Strikes out swinging, 2-3 out at first.
Top of the 3rd over - 0 runs, 1 hit, 0 errors, 0 left on base; Beloit 1 - Lake County 1
BOTTOM OF THE 3RD
Lake County Captains batting - Pitching for Beloit Snappers : RHP Ricky Lopez
Batting: RHB George Wagner 0-0: Fly out, F9 (Flyball, 89M, EV 80.0 MPH)
Batting: RHB Josh Patterson 0-0: Ball
1-0: Ball
2-0: Ball
3-0: Called Strike
3-1: Foul Ball, location: 2F
3-2: Strikes out swinging
Batting: RHB Anibal Casteles 0-0: Called Strike
0-1: Ball
1-1: Swinging Strike
1-2: Ball
2-2: Fly out, F8 (Flyball, 8RM, EV 94.4 MPH)
Bottom of the 3rd over - 0 runs, 0 hits, 0 errors, 0 left on base; Beloit 1 - Lake County 1
TOP OF THE 4TH
Beloit Snappers batting - Pitching for Lake County Captains : RHP Victor Barron
Batting: RHB Don Burt 0-0: Ball
1-0: Ball
2-0: Called Strike
2-1: Swinging Strike
2-2: Ball
3-2: Strikes out swinging
Batting: RHB Shannon Beck 0-0: Ball
1-0: Ball
2-0: Called Strike
2-1: Called Strike
2-2: Fly out, F7 (Line Drive, 7, EV 95.0 MPH)
Batting: LHB Felipe Gomez 0-0: Called Strike
0-1: Ball
1-1: Ball
2-1: Called Strike
2-2: Ball
3-2: Foul Ball, location: 2F
3-2: Fly out, F5 (Popup, 6S, EV 69.4 MPH)
Top of the 4th over - 0 runs, 0 hits, 0 errors, 0 left on base; Beloit 1 - Lake County 1
BOTTOM OF THE 4TH
Lake County Captains batting - Pitching for Beloit Snappers : RHP Ricky Lopez
Batting: LHB Jeff Palmowski 0-0: Called Strike
0-1: Ball
1-1: Ball
2-1: Swinging Strike
2-2: Ball
3-2: Foul Ball, location: 2F
3-2: SINGLE (Groundball, 4MD, EV 105.0 MPH)
Batting: RHB Adam McMillen 0-0: Fielders Choice at 2nd, 6-4 (Groundball, 6, EV 91.2 MPH)
Batting: LHB Aaron Caron 0-0: Ball
1-0: Foul Ball, location: 2F
1-1: Swinging Strike
1-2: Foul Ball, location: 2F
1-2: Fly out, F8 (Flyball, 8RS, EV 96.2 MPH)
Batting: RHB Chris Diaz 0-0: Ball
1-0: Called Strike
1-1: Called Strike
1-2: SINGLE (Line Drive, 56, EV 102.5 MPH)
Adam McMillen to second
Batting: RHB Steve Gusman 0-0: Called Strike
0-1: Ground out U3 (Groundball, 34, EV 111.2 MPH)
Bottom of the 4th over - 0 runs, 2 hits, 0 errors, 2 left on base; Beloit 1 - Lake County 1
TOP OF THE 5TH
Beloit Snappers batting - Pitching for Lake County Captains : RHP Victor Barron
Batting: RHB Sean Gould 0-0: Ground out 6-3 (Groundball, 6, EV 100.0 MPH)
Batting: LHB Chance Stever 0-0: Reached on error, E1 (Groundball, 13, EV 64.4 MPH)
Batting: SHB Ivan Barry 0-0: Fielders Choice at 2nd, 6-4 (Groundball, 6, EV 81.9 MPH)
Batting: LHB Robert Wilkins 0-0: Fielders Choice at 2nd, U6 (Groundball, 6M, EV 83.1 MPH)
Top of the 5th over - 0 runs, 0 hits, 1 error, 1 left on base; Beloit 1 - Lake County 1
BOTTOM OF THE 5TH
Lake County Captains batting - Pitching for Beloit Snappers : RHP Ricky Lopez
Batting: RHB John Bianconi 0-0: Called Strike
0-1: Ball
1-1: Fly out, F8 (Line Drive, 8LM, EV 85.6 MPH)
Batting: RHB George Wagner 0-0: Ball
1-0: Reached via error on a dropped throw from P, E3 (Groundball, 34S, EV 71.2 MPH)
Batting: RHB Josh Patterson 0-0: Ball
1-0: Called Strike
George Wagner steals 2nd base
1-1: Ball
George Wagner steals 3rd base
2-1: Called Strike
2-2: Fly out, F9 (Line Drive, 9, EV 98.8 MPH)
Runner from 3rd tags up, SCORES, throw by RF
Batting: RHB Anibal Casteles 0-0: Ball
1-0: Fly out, F7 (Flyball, 78M, EV 89.4 MPH)
Bottom of the 5th over - 1 run, 0 hits, 1 error, 0 left on base; Beloit 1 - Lake County 2
TOP OF THE 6TH
Beloit Snappers batting - Pitching for Lake County Captains : RHP Victor Barron
Batting: SHB Mike Kirk 0-0: Called Strike
0-1: Ball
1-1: Ball
2-1: Foul Ball, location: 2F
2-2: Strikes out swinging
Batting: RHB Tony Crespo 0-0: Called Strike
0-1: Foul Ball, location: 2F
0-2: Strikes out swinging
Batting: RHB Don Burt 0-0: Ball
1-0: Called Strike
1-1: Foul Ball, location: 2F
1-2: Strikes out swinging
Top of the 6th over - 0 runs, 0 hits, 0 errors, 0 left on base; Beloit 1 - Lake County 2
BOTTOM OF THE 6TH
Lake County Captains batting - Pitching for Beloit Snappers : RHP Ricky Lopez
Batting: LHB Jeff Palmowski 0-0: Ball
1-0: Foul Ball, location: 2F
1-1: Ball
2-1: Ball
3-1: Called Strike
3-2: Foul Ball, location: 2F
3-2: DOUBLE (Flyball, 8LXD, EV 100.0 MPH)
Batting: RHB Adam McMillen 0-0: Called Strike
0-1: Ground out 6-3 (Groundball, 6, EV 78.8 MPH)
Batting: LHB Aaron Caron 0-0: Hit by Pitch
Pitching: LHP Alex Villagran
Batting: RHB Chris Diaz 0-0: Called Strike
0-1: Ball
1-1: Ball
2-1: Foul Ball, location: 2F
2-2: Foul Ball, location: 2F
2-2: Ball
3-2: SINGLE (Flyball, 8RS, EV 86.2 MPH)
Jeff Palmowski to third
Aaron Caron to second
Batting: RHB Steve Gusman 0-0: Swinging Strike
0-1: Ball
1-1: SINGLE (Line Drive, 4D, EV 97.5 MPH)
Jeff Palmowski scores
Aaron Caron to third
Chris Diaz to second
Batting: RHB John Bianconi 0-0: Ball
1-0: Called Strike
1-1: Called Strike
1-2: Hit by Pitch
Aaron Caron scores
Chris Diaz to third
Steve Gusman to second
Batting: RHB George Wagner 0-0: Ball
1-0: Called Strike
1-1: Called Strike
1-2: Ball
2-2: Ball
3-2: Strikes out looking
Batting: RHB Josh Patterson 0-0: Swinging Strike
0-1: Ball
1-1: Foul Ball, location: 2F
1-2: Strikes out swinging
Bottom of the 6th over - 2 runs, 3 hits, 0 errors, 3 left on base; Beloit 1 - Lake County 4
TOP OF THE 7TH
Beloit Snappers batting - Pitching for Lake County Captains : RHP Victor Barron
Batting: RHB Shannon Beck 0-0: Ball
1-0: Called Strike
1-1: Ball
2-1: Foul Ball, location: 2F
2-2: Ground out 5-3 (Groundball, 56S, EV 78.8 MPH)
Batting: LHB Felipe Gomez 0-0: Swinging Strike
0-1: Swinging Strike
0-2: Foul Ball, location: 2F
0-2: Ball
1-2: Ground out U3 (Groundball, 23, EV 84.4 MPH)
Batting: RHB Sean Gould 0-0: Ball
1-0: Ball
2-0: Called Strike
2-1: Ball
3-1: Base on Balls
Batting: LHB Chance Stever 0-0: Ball
1-0: Ball
2-0: Called Strike
2-1: DOUBLE (Flyball, 89D, EV 99.4 MPH)
Sean Gould to third
Pitching: LHP Troy Salzer
Batting: SHB Ivan Barry 0-0: Called Strike
0-1: Called Strike
0-2: Fly out, F8 (Line Drive, 8LD, EV 96.9 MPH)
Top of the 7th over - 0 runs, 1 hit, 0 errors, 2 left on base; Beloit 1 - Lake County 4
BOTTOM OF THE 7TH
Lake County Captains batting - Pitching for Beloit Snappers : LHP Alex Villagran
Pitching: LHP Alex Shannon
Batting: RHB Anibal Casteles 0-0: Called Strike
0-1: Foul Ball, location: 2F
0-2: Ball
1-2: Ball
2-2: Ball
3-2: Foul Ball, location: 2F
3-2: Foul Ball, location: 2F
3-2: Base on Balls
Batting: LHB Jeff Palmowski 0-0: Ball
1-0: Called Strike
1-1: Ball
2-1: Ball
3-1: Foul Ball, location: 2F
3-2: Base on Balls
Anibal Casteles to second
Batting: RHB Adam McMillen 0-0: Ball
1-0: Swinging Strike
1-1: Ball
2-1: Ball
3-1: Base on Balls
Anibal Casteles to third
Jeff Palmowski to second
Batting: LHB Aaron Caron 0-0: Ball
1-0: Called Strike
1-1: Fly out, F7 (Flyball, 7S, EV 89.4 MPH)
Batting: RHB Chris Diaz 0-0: Ball
1-0: DOUBLE (Line Drive, 89D, EV 107.5 MPH)
Anibal Casteles scores
Jeff Palmowski scores
Adam McMillen to third
Batting: RHB Steve Gusman 0-0: Ball
1-0: Ground out 6-3 (Groundball, 6, EV 82.5 MPH)
Adam McMillen scores
Chris Diaz to third
Batting: RHB John Bianconi 0-0: Foul Ball, location: 2F
0-1: Ball
1-1: Ball
2-1: Foul Ball, location: 2F
2-2: Strikes out swinging
Bottom of the 7th over - 3 runs, 1 hit, 0 errors, 1 left on base; Beloit 1 - Lake County 7
TOP OF THE 8TH
Beloit Snappers batting - Pitching for Lake County Captains : LHP Troy Salzer
Batting: LHB Robert Wilkins 0-0: Ball
1-0: Ground out U3 (Groundball, 3, EV 105.0 MPH)
Batting: SHB Mike Kirk 0-0: Ball
1-0: Called Strike
1-1: Ball
2-1: Foul Ball, location: 2F
2-2: Ball
3-2: Base on Balls
Batting: RHB Tony Crespo 0-0: Ball
1-0: Called Strike
1-1: Called Strike
1-2: Foul Ball, location: 2F
1-2: Strikes out swinging
Batting: RHB Don Burt 0-0: Foul Ball, location: 2F
0-1: Foul Ball, location: 2F
0-2: Fielders Choice at 2nd, 6-4 (Groundball, 6, EV 85.6 MPH)
Top of the 8th over - 0 runs, 0 hits, 0 errors, 1 left on base; Beloit 1 - Lake County 7
BOTTOM OF THE 8TH
Lake County Captains batting - Pitching for Beloit Snappers : LHP Alex Shannon
Batting: RHB George Wagner 0-0: Ball
1-0: Swinging Strike
1-1: Swinging Strike
1-2: Ball
2-2: Strikes out swinging
Batting: RHB Josh Patterson 0-0: Called Strike
0-1: Ball
1-1: Swinging Strike
1-2: Ground out 5-3 (Groundball, 56, EV 99.4 MPH)
Batting: RHB Anibal Casteles 0-0: Swinging Strike
0-1: Swinging Strike
0-2: Fly out, F7 (Flyball, 7, EV 81.2 MPH)
Bottom of the 8th over - 0 runs, 0 hits, 0 errors, 0 left on base; Beloit 1 - Lake County 7
TOP OF THE 9TH
Beloit Snappers batting - Pitching for Lake County Captains : LHP Troy Salzer
Batting: RHB Shannon Beck 0-0: Ball
1-0: Ground out 5-3 (Groundball, 5S, EV 70.6 MPH)
Batting: LHB Felipe Gomez 0-0: Fly out, F9 (Line Drive, 89D, EV 103.8 MPH)
Batting: RHB Sean Gould 0-0: Ball
1-0: Called Strike
1-1: Fly out, F7 (Line Drive, 78M, EV 87.5 MPH)
Top of the 9th over - 0 runs, 0 hits, 0 errors, 0 left on base; Beloit 1 - Lake County 7
Tuesday, March 28th , 2023 - OOTP Baseball 23.10 Build 110